 Dungeon Crawl Stone Soup version 0.30-a0-618-gd6c86c23d0 (webtiles) character file.

Game seed: 3683671388192879617

172 Leeroy the Insei (level 5, 0/37 HPs)
             Began as a Djinni Transmuter on Jan 9, 2023.
             Slain by a hound (2 damage)
             ... on level 4 of the Dungeon.
             The game lasted 00:03:25 (2615 turns).

Leeroy the Insei (Djinni Transmuter)                Turns: 2615, Time: 00:03:26

Health: 0/37       AC:  2    Str: 11    XL:     5   Next: 82%
Gold:   236        EV: 12    Int: 14    God:
                   SH:  0    Dex: 14

rFire   + + .      SeeInvis .      - Unarmed
rCold   x . .      Faith    .    (no shield)
rNeg    . . .      Spirit   .    a - +0 robe
rPois   ∞          Reflect  .    (no helmet)
rElec   .          Harm     .    (no cloak)
rCorr   .          Rampage  .    (no gloves)
Will    .....                    (boots unavailable)
Stlth   +                        (no amulet)
HPRegen 0.26/turn                (no ring)
MPRegen 0.00/turn                (no ring)

@: flying
A: sickness immunity, fire resistance 2, cold vulnerability 1, float, innate
caster, HP casting, extra vitality 1
a: no special abilities


You were on level 4 of the Dungeon.
You visited 1 branch of the dungeon, and saw 4 of its levels.

You collected 236 gold pieces.

Inventory:

Missiles
 r - 3 poisoned darts
Armour
 a - a +0 robe (worn)
 d - a +2 buckler
Jewellery
 e - an amulet of faith
 l - a ring of fire
 p - a ring of fire
Scrolls
 h - 2 scrolls of blinking {unknown}
 i - 2 scrolls of noise {unknown}
 j - 2 scrolls of teleportation {unknown}
 k - a scroll of enchant weapon {unknown}
 n - 3 scrolls of identify {unknown}
 q - a scroll of immolation {unknown}
Potions
 c - a potion of curing {unknown}
 f - a potion of degeneration {unknown}
 g - 2 potions of flight {unknown}
 m - a potion of ambrosia {unknown}
 o - 2 potions of invisibility {unknown}


   Skills:
 - Level 1.0 Fighting
 - Level 2.1 Dodging
 + Level 6.0 Unarmed Combat
 - Level 1.5 Spellcasting


You couldn't memorise any spells.
You knew the following spells:

 Your Spells              Type           Power      Damage    Failure   Level
a - Beastly Appendage     Tmut           10%        N/A       13%         1
b - Wereblood             Tmut           5%         N/A       21%         2
c - Spider Form           Tmut/Pois      5%         N/A       36%         3
d - Ice Form              Ice/Tmut       5%         N/A       78%         4
e - Foxfire               Conj/Fire      20%        2x1d5     13%         1
f - Searing Ray           Conj           10%        2d4       21%         2
Your spell library was empty.

Dungeon Overview and Level Annotations

Branches:
Dungeon (4/15)
 Temple: D:4-7

Altars:
Uskayaw

Shops:
D:1 ?   D:3 (


Innate Abilities, Weirdness & Mutations

You are immune to sickness and miasma.
You are immune to poison.
Your flesh is very heat resistant. (rF++)
You are vulnerable to cold. (rC-)
You float through the air rather than walking.
You learn spells naturally, not from books.
Your magical power is your life essence.
You have superior vitality. (+4 MHP)


Message History

The kobold throws a stone.
The stone hits you but does no damage.
You are too injured to fight recklessly!
You smack the kobold!
You kill the kobold!
You cannot move.
You cannot move.
A hound is nearby!
A hound is nearby!
A hound is nearby!
A hound is nearby!
You feel less wooden.
Your +0 robe unmelds from your body.
The hound bites you but does no damage. The hound barely misses you.
You hit the hound.
The hound is moderately wounded.
The hound closely misses you.
You miss the hound.
The hound is moderately wounded.
The hound bites you.
* * * LOW HITPOINT WARNING * * *
The hound bites you but does no damage.
Casting: Foxfire (safe; 13% risk of failure)
Confirm with . or Enter, or press ? or * to list all spells.
You conjure some foxfire!
* * * LOW HITPOINT WARNING * * *
The hound barely misses you.
You hit the hound but do no damage.
The hound is lightly wounded.
The foxfire hits the hound.
The hound is moderately wounded.
The foxfire hits the hound.
The hound is heavily wounded.
The hound bites you.
* * * LOW HITPOINT WARNING * * *
You barely miss the hound.
The hound is heavily wounded.
The hound bites you.
* * * LOW HITPOINT WARNING * * *
The hound bites you.
You die...

##.##.~♣~PPPPP♣
#......P♣PPPP~
#.....P~~♣♣P♣♣ ~P
##.....P~~~♣≈ ~~~
#..#..~P~≈♣♣♣P.#
##.###.~~≈♣~~P..
####...P~~~PP..
#§§PPP~PPP.. ..
#@).PP~PP# #..
#h)...#### #...
#).#..#####...#
.#..#..#..#....#
.......#........#
#+#.............#
##......<.....#
#....#......#.#
##..#####...#


You could see a hound.

Vanquished Creatures
  A scorpion (D:4)
  4 gnolls (D:4)
  2 adders (D:3)
  2 orcs (D:3)
  5 ball pythons
  6 endoplasms
  2 giant cockroaches
  5 goblins
  5 hobgoblins
  6 kobolds
  4 quokkas
  4 bats
  A frilled lizard (D:1)
  5 rats
52 creatures vanquished.

Vanquished Creatures (collateral kills)
  6 foxfires (D:4)
6 creatures vanquished.

Vanquished Creatures (others)
  24 foxfires
  4 plants (D:4)
28 creatures vanquished.

Grand Total: 86 creatures vanquished

Notes
Turn   | Place    | Note
-------+----------+-------------------------------------------
     0 | D:1      | Leeroy the Djinni Transmuter began the quest for the Orb.
     0 | D:1      | Leeroy set off with the following spells memorised: Beastly
                  | Appendage, Wereblood, Spider Form, Ice Form.
     0 | D:1      | Reached XP level 1. HP: 17/17 MP: 0/0
     1 | D:1      | Found a hide-covered altar of Uskayaw.
   124 | D:1      | Reached XP level 2. HP: 22/22 MP: 0/0
   323 | D:1      | Found Plog's Magic Scroll Boutique.
   622 | D:1      | Reached skill level 4 in Unarmed Combat
   622 | D:1      | Reached XP level 3. HP: 24/27 MP: 0/0
   622 | D:1      | Learned a level 1 spell: Foxfire
  1641 | D:3      | Found Agyrraor's Antique Weapon Shoppe.
  1928 | D:3      | Reached XP level 4. HP: 29/32 MP: 0/0
  2496 | D:4      | Noticed a scorpion
  2514 | D:4      | Killed a scorpion
  2515 | D:4      | Reached skill level 5 in Unarmed Combat
  2515 | D:4      | Reached XP level 5. HP: 32/37 MP: 0/0
  2515 | D:4      | Learned a level 2 spell: Searing Ray
  2566 | D:4      | Reached skill level 6 in Unarmed Combat
  2615 | D:4      | Slain by a hound

Illustrated notes

Levels and vault maps discovered:
D:1:      sevenhm_arrival_forest_fort_small_6, layout_basic, serial_shops,
          nicolae_shop_trees, wad_floor_pattern_2, minmay_tromino_i2
D:2:      layout_loops_ring
D:3:      layout_loops_ring, serial_shops, nicolae_shop_crystal
D:4:      nicolae_BIG_FREAKIN_CUBE, layout_cave_pools, serial_bayou_lagoon_a,
          minmay_divided_ellipse

Skill      XL: |  1  2  3  4  5 |
---------------+----------------+-----
Unarmed Combat | 4 5 6 |  6.0
Fighting       | |  1.0
Dodging        | |  2.1
Spellcasting   | |  1.5

Action                   |  1- 3 |  4- 6 || total
-------------------------+-------+-------++-------
Melee: Unarmed           |   116 |    30 ||   146
       Punch             |     7 |       ||     7
       Headbutt          |     2 |       ||     2
 Cast: Beastly Appendage |     8 |     2 ||    10
       Foxfire           |       |    18 ||    18
  Use: Potion            |       |     1 ||     1
 Stab: Sleeping          |     1 |       ||     1
Armor: Robe              |    12 |     9 ||    21
       Skin              |       |     4 ||     4
Dodge: Dodged            |    84 |    29 ||   113

Table legend: (Time is in decaauts)
 A = Elapsed time spent in this place.
 B = Non-inter-level travel time spent in this place.
 C = Inter-level travel time spent in this place.
 D = Time resting spent in this place.
 E = Time spent auto-exploring this place.
 F = Levels seen in this place.
 G = Mean time per level.
                   A        B        C        D        E       F      G
               +--------+--------+--------+--------+--------+-----+--------+
         Total |   2602 |   2449 |    153 |     16 |   2056 |   4 |  650.5 |
       Dungeon |   2602 |   2449 |    153 |     16 |   2056 |   4 |  650.5 |
               +--------+--------+--------+--------+--------+-----+--------+

Top non-repeatable levels by time:
     D:1: 887 daAuts
     D:3: 885 daAuts
     D:2: 692 daAuts
     D:4: 137 daAuts
